 Dungeon Crawl Stone Soup version 0.29.1-2-gbd0b4ee654 (webtiles) character file.

Game seed: 9597868643785469305

235 whiskeysaurus the Gusty (level 5, -8/38 HPs)
             Began as a Draconian Air Elementalist on Nov 13, 2022.
             Was an Initiate of Vehumet.
             Mangled by a black bear (10 damage)
             ... on level 5 of the Dungeon.
             The game lasted 00:18:01 (6200 turns).

whiskeysaurus the Gusty (DrAE)                      Turns: 6200, Time: 00:18:02

Health: -8/38      AC:  5    Str: 10    XL:     5   Next: 76%
Magic:  5/9        EV: 12    Int: 18    God:    Vehumet [......]
Gold:   220        SH:  0    Dex: 11    Spells: 9/10 levels left

rFire   . . .      SeeInvis .   t - +0 dagger (speed)
rCold   . . .      Faith    .   (no shield)
rNeg    . . .      Spirit   .   (body armour unavailable)
rPois   .          Reflect  .   (helmet restricted)
rElec   .          Harm     .   (no cloak)
rCorr   .          Rampage  .   (no gloves)
Will    +....                   (no boots)
Stlth   ++........              (no amulet)
HPRegen 0.12/turn               s - ring of willpower
MPRegen 0.11/turn               (no ring)

@: very slightly contaminated
A: AC +5, unfitting armour, cold-blooded
a: Renounce Religion


You were on level 5 of the Dungeon.
You worshipped Vehumet.
Vehumet was noncommittal.
You visited 2 branches of the dungeon, and saw 6 of its levels.

You collected 220 gold pieces.

Inventory:

Hand Weapons
 b - a +0 short sword
 m - a +0 flail
 p - a +1 dagger of distortion
 t - a +0 dagger of speed (weapon)
Missiles
 i - 7 poisoned darts
Armour
 c - an orb of energy
Magical Staves
 d - a staff of earth
Jewellery
 g - a +6 ring of dexterity
 s - a ring of willpower (left hand)
Wands
 k - a wand of paralysis (6)
 n - a wand of polymorph (3)
Scrolls
 e - 6 scrolls of identify {unknown}
 u - a scroll of summoning {unknown}
 v - 2 scrolls of enchant armour {unknown}
 w - 3 scrolls of immolation {unknown}
Potions
 f - a potion of might {unknown}
 h - 2 potions of haste {unknown}
 l - 4 potions of heal wounds {unknown}
 o - a potion of lignification {unknown}
 q - a potion of resistance {unknown}
 r - 3 potions of degeneration {unknown}
 x - a potion of attraction {unknown}
 z - a potion of mutation {unknown}


   Skills:
 + Level 3.1 Dodging
 - Level 1.7 Stealth
 + Level 3.2 Spellcasting
 + Level 2.9 Conjurations
 + Level 4.1 Air Magic


You had 9 spell levels left.
You knew the following spells:

 Your Spells              Type           Power      Damage    Failure   Level
a - Shock                 Conj/Air       60%        1d6       3%          1

Your spell library contained the following spells:

 Spells                   Type           Power      Damage    Failure   Level
 Static Discharge         Conj/Air       15%        3-5/arc   5%          2
 Swiftness                Air            17%        N/A       9%          3
 Beastly Appendage        Tmut           4%         N/A       16%         1
 Passwall                 Tmut/Erth      1%         N/A       24%         2
 Airstrike                Air            8%         2d(2-18)  28%         4
 Iron Shot                Conj/Erth      4%         9d2       100%        6
 Dragon Form              Tmut           1%         N/A       100%        7


Dungeon Overview and Level Annotations

Branches:
Dungeon (5/15)             Temple (1/1) D:4

Altars:
Ashenzari
Elyvilon
Gozag
Hepliaklqana
Makhleb
Okawaru
Qazlal
Sif Muna
Vehumet
Wu Jian
Xom
Yredelemnul
Zin
The Shining One

Shops:
D:1 [(   D:4 (

Annotations:
D:4 1 runed translucent door


Innate Abilities, Weirdness & Mutations

Your plain brown scales are hard. (AC +5)
You cannot fit into any form of body armour.
You are cold-blooded and may be slowed by cold attacks.


Message History

* * * LOW HITPOINT WARNING * * *
The black bear closely misses you.
Aiming: Shock (safe; 3% risk of failure)
Press: ? - help, Q - select action, (/) - cycle Shift-Dir - straight line, f/p - black bear
Aim: a black bear (almost dead, berserk, 79% to hit)
The zap hits the black bear.
The black bear is almost dead.
The black bear closely misses you.
The black bear claws you but does no damage.
The black bear claws you.
* * * LOW HITPOINT WARNING * * *
Aiming: Shock (safe; 3% risk of failure)
Press: ? - help, Q - select action, (/) - cycle Shift-Dir - straight line, f/p - black bear
Aim: a black bear (almost dead, berserk, 79% to hit)
The zap hits the black bear.
The black bear is almost dead.
The black bear bites you but does no damage.
The black bear closely misses you.
The black bear claws you but does no damage.
The black bear closely misses you. The black bear misses you.
The black bear claws you.
* * * LOW HITPOINT WARNING * * *
Aiming: Shock (safe; 3% risk of failure)
Press: ? - help, Q - select action, (/) - cycle Shift-Dir - straight line, f/p - black bear
Aim: a black bear (almost dead, berserk, 79% to hit)
The zap misses the black bear.
The black bear bites you.
* * * LOW HITPOINT WARNING * * *
The black bear barely misses you. The black bear closely misses you.
Press: ? - help, v - describe, . - travel
Here: a black bear (almost dead, berserk)
The floor.
A black bear is nearby!
Aiming: Shock (safe; 3% risk of failure)
Press: ? - help, Q - select action, (/) - cycle Shift-Dir - straight line, f/p - black bear
Aim: a black bear (almost dead, berserk, 79% to hit)
The zap hits the black bear.
The black bear is almost dead.
The black bear bites you!
You die...

#.......#........#........
#.......#.##.)...#........
#.......#.##.....#....$...
.......<..###+#..+........
.........(# #.##.#........
..........# #.##.#...!....
#####.#.#.# #.............
#...#.###......###.#
#####..@h).....#
############


You could see a black bear (berserk).

Vanquished Creatures
  A jelly (D:5)
  Ijyb (D:3)
  Natasha (thrice) (D:4)
  2 adders
  A white imp (D:5)
  2 ufetubi (D:4)
  7 orcs
  4 ball pythons
  2 bats (D:1)
  7 endoplasms
  3 giant cockroaches
  6 goblins
  6 hobgoblins
  A quokka (D:2)
  4 frilled lizards
  A goblin zombie (D:4)
  A jackal zombie (D:4)
  7 kobolds
  6 rats
65 creatures vanquished.

Vanquished Creatures (others)
  2 fungi (D:4)
2 creatures vanquished.

Grand Total: 67 creatures vanquished

Notes
Turn   | Place    | Note
-------+----------+-------------------------------------------
     0 | D:1      | whiskeysaurus the Draconian Air Elementalist began the
                  | quest for the Orb.
     0 | D:1      | Reached XP level 1. HP: 14/14 MP: 3/3
   309 | D:1      | Found Teac's Antique Armour Boutique.
   350 | D:1      | Found Enwetzisa's Antique Weapon Shop.
   612 | D:1      | Reached XP level 2. HP: 20/20 MP: 0/5
  1348 | D:2      | Got Ceborgh's Grimoire of Destructive Shapes
  1463 | D:2      | Found a faded altar of an unknown god.
  1639 | D:2      | Reached XP level 3. HP: 26/26 MP: 1/6
  2650 | D:3      | Noticed Ijyb
  2651 | D:3      | Paralysed by Ijyb for 3 turns
  2667 | D:3      | Killed Ijyb
  2668 | D:3      | Reached XP level 4. HP: 33/33 MP: 0/7
  3117 | D:4      | Noticed Natasha
  3126 | D:4      | Killed Natasha
  3398 | D:4      | Noticed Natasha
  3732 | D:4      | Found a staircase to the Ecumenical Temple.
  4007 | D:4      | Found Boserigo's Weapon Emporium.
  4254 | D:4      | Found a runed translucent door.
  4254 | D:4      | Noticed a human
  4446 | D:4      | Reached XP level 5. HP: 36/38 MP: 5/9
  4476 | D:4      | Found a basalt altar of Yredelemnul.
  4700 | D:4      | Killed Natasha
  4700 | D:4      | Noticed Natasha
  4701 | D:4      | Reached skill level 4 in Air Magic
  4729 | D:4      | HP: 1/38 [constriction (6)]
  5144 | D:4      | Killed Natasha
  5415 | Temple   | Entered the Ecumenical Temple
  5464 | Temple   | Became a worshipper of Vehumet
  5527 | D:5      | Entered Level 5 of the Dungeon
  5576 | D:5      | Noticed an ice beast
  6176 | D:5      | Noticed a black bear
  6200 | D:5      | Mangled by a black bear

Illustrated notes

Levels and vault maps discovered:
D:1:      dpeg_arrival_boxes_within_box, layout_loops_ring, serial_shops,
          nicolae_shop_advertising_works [nicolae_subvault_shop_adworks],
          nicolae_shop_stone, chequers_serial_rivers_room_b
D:2:      layout_basic, shapermc_ecumenical_altar_flowoftime, minivault_5
D:3:      layout_rooms, uniq_ijyb
D:4:      layout_layer_cave, dk_yredelemnul_ordeal, minmay_temple_entry_arrows,
          serial_shops, nicolae_shop_bloodbath_and_beyond, st_stairs_3,
          hangedman_decor_diamond_cutter, minmay_curled_crystal,
          minmay_strange_pillars, uniq_crazy_yiuf_cottage, uniq_natasha
D:5:      layout_basic, gammafunk_ghost_necromancy
Temple:   compressed_dpeg_circular_temple

Skill      XL: |  1  2  3  4  5 |
---------------+----------------+-----
Dodging        | 2 3 |  3.1
Conjurations   | 2 |  2.9
Spellcasting   | 3 |  3.2
Air Magic      | 4 |  4.1
Stealth        | |  1.7

Action                   |  1- 3 |  4- 6 || total
-------------------------+-------+-------++-------
Melee: Unarmed           |    17 |       ||    17
       Tailslap          |     4 |     6 ||    10
       Short sword       |    11 |       ||    11
       Flail             |     4 |       ||     4
       Dagger            |       |    45 ||    45
       Punch             |       |     2 ||     2
 Cast: Shock             |    62 |    93 ||   155
Evoke: Wand              |     4 |     2 ||     6
  Use: Scroll            |       |     2 ||     2
       Potion            |       |     2 ||     2
 Stab: Paralysed         |     4 |       ||     4
Armor: Skin              |    19 |    21 ||    40
Dodge: Dodged            |    21 |    53 ||    74
